Cogmind - Beta 17.1 @@@ ROGUE MODE // 2026.09.14 @ 06:25:54 Player: Niamak Result: Destroyed by P-80 Master with Gamma Rifle Performance ------------- Evolutions (7) 3500 Regions Visited (16) 3200 Robots Destroyed (116) 580 Value Destroyed (4980) 4980 Prototype IDs (13) 260 Alien Tech Used (0) 0 Bonus (17052) 17052 TOTAL SCORE: 29572 Bonus ------- Follower Combat Kills 555 Prayed to X0-1V1 5000 Major X0-1V1 Interference 11650 Friendly Fire -153 Cogmind --------- Core Integrity 0/1400 Matter 300/300 Energy 100/100 System Corruption 11% Temperature Cool (0) Movement Core (50) Location -3/Research Parts ------- > --- POWER (2) -------- (None) > --- PROPULSION (6) --- (None) > --- UTILITY (10) ----- Machine Analyzer Advanced Signal Interpreter X0-1V1's Piety Tracker > --- WEAPON (3) ------- (None) > --- INVENTORY (5) ---- Light Antimatter Reactor Micro Antimatter Reactor Peak State ------------ > --- POWER ------------ Reinforced Deuterium Engine Light Angular Momentum Engine > --- PROPULSION ------- Armored Treads Improved Medium Treads Improved Medium Treads Heavy Treads Advanced Medium Treads > --- UTILITY ---------- Advanced Heat Sink Advanced Heat Sink Small Storage Unit Advanced Targeting Computer Target Analyzer Core Analyzer Improved Medium Armor Plating X0-1V1's Piety Tracker > --- WEAPON ----------- Magnetic Acceleration Cannon Magnetic Acceleration Cannon Magnetic Acceleration Cannon > --- INVENTORY -------- Energy Filter Energy Filter Improved Point Defense System Thermic Laser Heavy Plasma Cannon Hardcell Cannon Long-range Missile Launcher Power Sword [Rating: 98] Favorites ----------- Power Reinforced Deuterium Engine Engine Reinforced Deuterium Engine Power Core Light Nuclear Core Reactor Quantum Reactor Propulsion Light Treads Treads Light Treads Wheel Subdweller Monowheel Hover Unit Improved Antigrav System Flight Unit Nuclear Pulse Thruster Utility Small Storage Unit Device X0-1V1's Piety Tracker Storage Small Storage Unit Processor Core Analyzer Protection Makeshift Ablative Armor Weapon Advanced Assault Cannon Energy Gun Beam Rifle Energy Cannon Heavy Plasma Cannon Ballistic Gun Battle Rifle Ballistic Cannon Advanced Assault Cannon Launcher Thermoblaster Slashing Weapon Power Sword Piercing Weapon Heavy Pick Build | -11 -10 -10 -9 -7 -7 -7 -7 -6 -6 -6 -6 -6 -5 -4 -4 -3 ------- Run | Yrd Mat Sub Rec Fac Low Low Zio Pro Fac Ext Cet Arc Fac Fac Arm Res Slots Evolved 14 | . . . . 6 . . . . 2 . . . 2 2 . 2 Power 1 | . . . . . . . . . . . . . . 1 . . Propulsion 4 | . . . . 1 . . . . . . . . 2 1 . . Utility 8 | . . . . 4 . . . . 2 . . . . . . 2 Weapon 1 | . . . . 1 . . . . . . . . . . . . Parts Attached 118 | 8 2 14 7 17 1 . . 5 8 7 4 1 3 21 6 14 Power 14 | 2 . 4 . 2 . . . 1 . . 1 . . 3 . 1 Engine 8 | 2 . 4 . . . . . 1 . . . . . 1 . . Core 4 | . . . . 2 . . . . . . . . . 2 . . Reactor 2 | . . . . . . . . . . . 1 . . . . 1 Propulsion 32 | 2 . 4 4 2 . . . 2 1 . . . 2 5 6 4 Treads 15 | 2 . 1 2 2 . . . 2 1 . . . 2 2 . 1 Leg . | . . . . . . . . . . . . . . . . . Wheel 3 | . . 3 . . . . . . . . . . . . . . Hover 2 | . . . . . . . . . . . . . . . 1 1 Flight 12 | . . . 2 . . . . . . . . . . 3 5 2 Utility 41 | 2 1 1 1 7 1 . . 1 3 3 3 1 . 8 . 9 Device 22 | 1 . 1 . 3 . . . . 1 . 3 . . 5 . 8 Storage 1 | 1 . . . . . . . . . . . . . . . . Processor 7 | . . . . 3 . . . . 1 . . . . 2 . 1 Hackware . | . . . . . . . . . . . . . . . . . Protection 11 | . 1 . 1 1 1 . . 1 1 3 . 1 . 1 . . Artifact . | . . . . . . . . . . . . . . . . . Weapon 31 | 2 1 5 2 6 . . . 1 4 4 . . 1 5 . . Energy Gun 7 | 1 1 1 1 2 . . . 1 . . . . . . . . Energy Cannon 6 | . . 2 . . . . . . . 1 . . . 3 . . Ballistic Gun 4 | 1 . 2 . 1 . . . . . . . . . . . . Ballistic Cannon 8 | . . . 1 3 . . . . . 3 . . . 1 . . Launcher 3 | . . . . . . . . . 1 . . . 1 1 . . Special Weapon . | . . . . . . . . . . . . . . . . . Impact Weapon . | . . . . . . . . . . . . . . . . . Slashing Weapon 2 | . . . . . . . . . 2 . . . . . . . Piercing Weapon 1 | . . . . . . . . . 1 . . . . . . . Special Melee Weapon . | . . . . . . . . . . . . . . . . . Unidentified Prototypes 4 | . . . . 1 . . . . . . . . . . . 3 Parts Lost 59 | . 1 2 . 1 . . . . . 5 2 . . 20 9 19 Power 6 | . . . . . . . . . . . . . . 3 2 1 Propulsion 18 | . . 1 . 1 . . . . . . . . . 5 3 8 Utility 23 | . . . . . . . . . . 2 2 . . 6 4 9 Weapon 12 | . 1 1 . . . . . . . 3 . . . 6 . 1 Highest Loss Streak 10 | . 1 2 . 1 . . . . . 3 2 . . 8 10 6 To Critical Strikes 4 | . . . . . . . . . . . . . . 3 . 1 Average Backups 6 | 3 6 5 5 6 7 7 7 6 7 7 7 8 7 6 6 2 Power 1 | 1 2 1 . . 2 2 2 1 1 1 1 2 2 . 1 1 Propulsion . | . . . . . . . . . . 3 3 3 1 . . . Utility 2 | . 2 3 3 3 3 3 3 3 2 2 . . . 2 3 1 Weapon 1 | 1 1 . 2 2 2 2 2 2 2 . 3 3 3 2 1 . Tool/Special . | . . . . . . . . . . . . . . . . . Unused Backups 44 | . 1 10 1 5 2 . . 4 5 4 . 2 . 5 1 4 Power 9 | . . 3 . . 1 . . 2 . . . . . . . 3 Propulsion 3 | . . . . . . . . . 1 2 . . . . . . Utility 15 | . 1 3 1 2 . . . 1 . 1 . . . 4 1 1 Weapon 17 | . . 4 . 3 1 . . 1 4 1 . 2 . 1 . . Tool/Special . | . . . . . . . . . . . . . . . . . Average Slot Usage (%) 87 | . 100 96 94 87 100 100 100 96 84 87 92 93 93 83 37 28 Engine 5 | . 14 12 13 3 . . . 1 5 5 1 . . 7 . . Core 1 | . . . . 3 7 7 7 5 . . . . . 1 3 . Treads 17 | . 28 20 8 21 23 23 23 22 11 11 13 13 22 18 . . Wheel 1 | . . 2 12 . . . . . . . . . . . . . Device 11 | . 6 3 11 11 15 15 15 14 11 5 17 20 17 15 5 3 Storage 7 | . 14 12 13 7 7 7 7 6 5 5 6 6 5 4 2 . Processor 10 | . . . . 8 16 15 15 14 16 17 20 20 17 14 16 15 Protection 6 | . 7 8 2 6 5 7 7 6 5 13 8 6 5 3 . . Energy Gun 4 | . 14 12 14 2 . . . . 1 3 . . . . . . Energy Cannon 2 | . . 7 . . . . . . . 2 5 6 3 6 . . Ballistic Gun 2 | . 14 15 . 1 . . . . . . . . . . . . Ballistic Cannon 11 | . . . 13 18 23 23 23 22 14 9 13 13 11 6 . . Peak Build Rating 98 | 9 10 20 20 50 51 51 51 61 93 93 82 82 88 98 70 68 Average Rating 50 | 5 8 14 13 44 50 51 51 54 82 84 79 80 87 83 41 38 On Entrance 50 | . 9 10 20 13 50 51 51 51 61 93 76 82 80 88 70 46 Avg Prop Armor Cover (%) 7 | . . 10 4 . . . . . . . . . . . 11 10 Naked Turns . | . . . . . . . . . . . . . . . . . Heaviest Build 80 | 15 18 28 27 57 52 52 52 55 80 80 70 62 61 74 17 19 Greatest Support 180 | 40 40 40 43 65 62 62 62 62 90 90 90 90 140 180 32 70 Greatest Overweight (x) 4 | 1 . 1 4 1 . . . . . . . . . 1 2 3 Average Overweight (x) . | . . . . . . . . . . . . . . . . . Largest Inventory Capacity 8 | 8 8 8 8 8 8 8 8 8 8 8 8 8 8 8 8 5 Average Capacity 7 | 7 8 8 8 8 8 8 8 8 8 8 8 8 8 8 6 5 Most Carried 8 | 7 8 8 8 8 8 8 8 8 8 8 8 8 8 8 8 5 Average Carried 6 | 3 6 6 7 7 7 8 8 7 7 7 7 7 7 6 6 2 Final Capacity 8 | 8 8 8 8 8 8 8 8 8 8 8 8 8 8 8 5 5 Final Carried 8 | 5 8 8 8 8 8 8 8 8 7 8 8 8 8 8 5 2 Class Distribution -------------------- 35% | Gunner 24% | Scavenger-Gunner 21% | Mutant 13% | Tank 3% | Scavenger-Mutant Dominant Class ---------------- Mutant | -10/Materials Mutant | -10/Subcaves Mutant | -9/Recycling Gunner | -7/Factory Gunner | -7/Lower Caves Gunner | -7/Lower Caves Gunner | -7/Zion Gunner | -6/Proximity Caves Gunner | -6/Factory Gunner | -6/Extension Scavenger-Gunner | -6/Cetus Scavenger-Gunner | -6/Archives Scavenger-Gunner | -5/Factory Scavenger-Gunner | -4/Factory Mutant | -4/Armory Mutant | -3/Research Resources | -11 -10 -10 -9 -7 -7 -7 -7 -6 -6 -6 -6 -6 -5 -4 -4 -3 ----------- Run | Yrd Mat Sub Rec Fac Low Low Zio Pro Fac Ext Cet Arc Fac Fac Arm Res Matter Collected 4794 | 280 88 529 521 697 64 56 . 404 258 520 147 258 7 611 4 350 Remotely . | . . . . . . . . . . . . . . . . . Salvage Created 4343 | 88 248 532 . 590 . 159 . 302 182 399 146 232 132 1333 . . Parts 239 | 8 18 35 . 46 . 7 . 11 14 20 3 7 10 60 . . Haulers Intercepted 3 | . . . . 1 . . . . . . . . . 2 . . Recyclers Shooed 8 | . 1 . . 1 . . . . 2 1 . . . 2 . 1 Parts Field Recycled . | . . . . . . . . . . . . . . . . . Retrieved Matter . | . . . . . . . . . . . . . . . . . Parts Self-Destructed 56 | . . 41 . . . 11 . 4 . . . . . . . . Prevented . | . . . . . . . . . . . . . . . . . Parts Restored . | . . . . . . . . . . . . . . . . . Kills | -11 -10 -10 -9 -7 -7 -7 -7 -6 -6 -6 -6 -6 -5 -4 -4 -3 ------- Run | Yrd Mat Sub Rec Fac Low Low Zio Pro Fac Ext Cet Arc Fac Fac Arm Res Combat Hostiles Destroyed 83 | . 4 13 . 14 . 4 . 8 5 4 3 4 7 17 . . Guns 13 | . 4 8 . . . . . . . 1 . . . . . . Cannons 59 | . . 5 . 13 . 4 . 8 5 3 3 3 1 14 . . AOE 10 | . . . . 1 . . . . . . . . 6 3 . . Classes Destroyed 19 | 2 2 4 . 5 . . . 2 . 1 . . 1 2 . . Worker 7 | . . . . 2 . . . . 1 . . . . 4 . . Builder 5 | . . . . 2 . . . . 1 1 . . . 1 . . Tunneler 1 | 1 . . . . . . . . . . . . . . . . Hauler 3 | . . . . 1 . . . . . . . . . 2 . . Recycler 5 | 1 . . . 2 . . . . . 1 . . . 1 . . Operator 1 | . . . . . . . . . . . . . 1 . . . Turret 2 | . . 2 . . . . . . . . . . . . . . Watcher 8 | . 2 . . 2 . . . . 1 2 1 . . . . . Swarmer 13 | . . 4 . 3 . . . . 2 . . . 4 . . . Grunt 23 | . 4 4 . 6 . 4 . . . 1 . . 3 1 . . Brawler 1 | . . . . . . . . 1 . . . . . . . . Sentry 9 | . . 1 . 1 . . . . . 2 . 4 . 1 . . Specialist 4 | . . . . . . . . . . . . . . 4 . . Hunter 7 | . . . . 1 . . . . . . . . . 6 . . Programmer 11 | . . . . 3 . . . 1 3 . . . . 4 . . Heavy 1 | . . . . . . . . . . . . . . 1 . . Behemoth 1 | . . . . . . . . . . 1 . . . . . . Cetus Guard 3 | . . . . . . . . . . . 3 . . . . . Subdweller 4 | . . 4 . . . . . . . . . . . . . . Thug 5 | . . 1 . . . . . 4 . . . . . . . . Savage 1 | . . . . . . . . 1 . . . . . . . . Mutant 1 | . . . . . . . . 1 . . . . . . . . Best Kill Streak 8 | 1 3 3 . 8 . 4 . 5 2 4 3 4 7 7 . . Combat Bots Only 7 | . 2 3 . 5 . 4 . 5 2 2 2 4 7 5 . . Max Kills in Single Turn 3 | 1 1 2 . 2 . 2 . 1 2 1 1 1 3 2 . . Gunslinging . | . . . . . . . . . . . . . . . . . Exploded 3 | . . . . 1 . . . . . . . . 3 1 . . Melee . | . . . . . . . . . . . . . . . . . Uniques/NPCs Destroyed . | . . . . . . . . . . . . . . . . . Combat | -11 -10 -10 -9 -7 -7 -7 -7 -6 -6 -6 -6 -6 -5 -4 -4 -3 -------- Run | Yrd Mat Sub Rec Fac Low Low Zio Pro Fac Ext Cet Arc Fac Fac Arm Res Hostile Shots Fired 1245 | . 19 97 . 59 5 5 . 15 36 258 30 9 13 289 102 308 Missed 497 | . 3 39 . 19 . 1 . 3 13 106 5 2 4 137 51 114 Hits 748 | . 16 58 . 40 5 4 . 12 23 152 25 7 9 152 51 194 Melee 5 | . . . . . 5 . . . . . . . . . . . Projectile 743 | . 16 58 . 40 . 4 . 12 23 152 25 7 9 152 51 194 AOE 2 | . . . . . . . . . . . . . . 1 1 . Critical Strikes 39 | . . . . 3 . . . . 1 1 7 1 1 12 4 9 Damage Taken 12265 | . 230 609 . 558 17 76 . 217 351 1590 730 179 161 2559 1081 3907 Core 3322 | . . 63 . 20 . 18 . 12 24 77 58 . 16 252 609 2173 Absorbed by Shields . | . . . . . . . . . . . . . . . . . Reduced by Siege Mode 41 | . . . . . . . . . . . 41 . . . . . Ignored by Resistances 29 | . . . . . . . . . . . . . . . . 29 Core Remaining (%) 83 | 100 . . 96 . . . . 93 . . . 83 98 . 31 . Volleys Fired 219 | 3 19 36 . 28 1 5 . 17 12 21 12 7 8 50 . . Largest 4 | 2 2 4 . 3 3 3 . 3 3 3 3 3 3 3 . . Hottest 258 | 60 85 226 . 120 120 120 . 120 155 178 178 178 178 258 . . Shots Fired 610 | 6 38 112 . 84 5 14 . 52 36 40 37 21 18 147 . . Gun 149 | 6 38 86 . . . . . 1 5 13 . . . . . . Cannon 449 | . . 26 . 84 5 14 . 51 31 27 37 21 15 138 . . Launcher 12 | . . . . . . . . . . . . . 3 9 . . Special . | . . . . . . . . . . . . . . . . . Kinetic 393 | 3 19 49 . 84 5 14 . 51 31 19 25 14 10 69 . . Thermal 160 | . 3 63 . . . . . 1 5 21 12 7 5 43 . . Explosive 12 | . . . . . . . . . . . . . 3 9 . . Electromagnetic 45 | 3 16 . . . . . . . . . . . . 26 . . Robot Hit Streak 24 | 2 6 9 . 14 . 3 . 15 7 23 9 9 11 24 . . Robot Miss Streak 4 | 1 2 4 . 3 3 1 . 2 4 3 1 1 2 4 . . Penetration Max . | . . . . . . . . . . . . . . . . . Secondary Targets 1 | . . 1 . . . . . . . . . . . . . . Max Gunslinging Chain 1 | . . 1 . . . . . . . . . . . . . . Shots Hit Robots 379 | 3 23 55 . 53 . 8 . 34 18 31 26 15 14 97 . 2 Core Hits 212 | 2 12 22 . 29 . 7 . 16 9 15 16 9 12 56 . 7 Critical Kills 1 | . . . . . . . . . . . . 1 . . . . Critical Parts Destroyed . | . . . . . . . . . . . . . . . . . Critical Strikes 25 | . 1 3 . 4 . 1 . 3 . 1 1 3 2 5 . 1 Burn 4 | . 1 3 . . . . . . . . . . . . . . Meltdown 1 | . . . . . . . . . . . . 1 . . . . Blast 17 | . . . . 4 . 1 . 3 . 1 1 1 2 4 . . Corrupt 1 | . . . . . . . . . . . . . . 1 . . Sever 1 | . . . . . . . . . . . . . . . . 1 Sunder 1 | . . . . . . . . . . . . 1 . . . . Melee Attacks 6 | . . . . . . . . . . . 1 . . . . 5 Impact . | . . . . . . . . . . . . . . . . . Slashing 6 | . . . . . . . . . . . 1 . . . . 5 Piercing . | . . . . . . . . . . . . . . . . . Sneak Attacks . | . . . . . . . . . . . . . . . . . Combat Hostiles . | . . . . . . . . . . . . . . . . . Follow-up Attacks . | . . . . . . . . . . . . . . . . . Damage Inflicted 12776 | 42 349 1143 3 1884 . 287 . 1036 621 834 891 578 1016 3960 . 132 Guns 1323 | 42 321 671 . . . . . . 42 247 . . . . . . Cannons 9228 | . . 472 . 1629 . 287 . 1036 536 574 891 578 329 2896 . . Explosions 1999 | . 28 . . 235 . . . . . . . . 686 1050 . . Melee 81 | . . . . . . . . . . . . . . . . 81 Ramming 145 | . . . 3 20 . . . . 43 13 . . 1 14 . 51 Kinetic 6836 | 15 138 373 . 1629 . 287 . 1036 536 413 570 311 230 1298 . . Thermal 2920 | . 45 770 . . . . . . 42 408 321 191 99 1044 . . Explosive 1633 | . . . . 235 . . . . . . . . 686 712 . . Electromagnetic 1085 | 27 166 . . . . . . . . . . . . 892 . . Impact . | . . . . . . . . . . . . . . . . . Slashing 81 | . . . . . . . . . . . . . . . . 81 Piercing . | . . . . . . . . . . . . . . . . . Entropic 76 | . . . . . . . . . . . . 76 . . . . Highest Corruption 12 | . . 7 . 1 1 1 1 2 12 . . . . 5 3 11 Average Corruption 2 | . . 2 . 1 1 1 1 1 12 . . . . 3 3 5 Corruption Purged 2 | . . . . . . . . . . . . . . 2 . . Corruption Blocked . | . . . . . . . . . . . . . . . . . Effects 31 | . . . . . 8 2 1 5 3 . . . . 7 2 3 Message Errors 5 | . . . . . 1 . . 1 1 . . . . 2 . . Matter Fused 2 | . . . . . 1 . . . . . . . . 1 . . Heat Flow Errors 3 | . . . . . 1 . . 1 . . . . . . 1 . Energy Discharges 5 | . . . . . 1 . . . 1 . . . . . 1 2 Parts Rejected 1 | . . . . . . . . . . . . . . . . 1 Data Loss (minor) 7 | . . . . . 1 1 1 1 1 . . . . 2 . . Data Loss (major) 2 | . . . . . 1 . . . . . . . . 1 . . Misfires 3 | . . . . . 2 . . 1 . . . . . . . . Alerts 1 | . . . . . . . . 1 . . . . . . . . Weapon Failures 2 | . . . . . . 1 . . . . . . . 1 . . Overload Shots . | . . . . . . . . . . . . . . . . . Overflow Damage 308 | . . 18 . 76 . . . 3 20 24 . . 119 48 . . Projectiles 107 | . . 18 . 27 . . . 3 20 24 . . 3 12 . . Explosions 201 | . . . . 49 . . . . . . . . 116 36 . . Melee . | . . . . . . . . . . . . . . . . . Knockbacks 29 | . . . . 10 . 3 . 5 4 . . . 1 6 . . Impact 1 | . . . . . . . . . . . . . . 1 . . Kinetic 25 | . . . . 9 . 3 . 5 2 . . . 1 5 . . Secondary 3 | . . . . 1 . . . . 2 . . . . . . . Self-Inflicted Damage 261 | . . . . 72 . . . . . . . . . 165 . 24 Shots 5 | . . . . 1 . . . . . . . . . 4 . . Rammed 27 | . . . 1 6 . . . . 6 1 . . 1 2 . 10 Targets Rammed 31 | . . . 1 7 . . . . 7 2 . . 1 3 . 10 Kicked . | . . . . . . . . . . . . . . . . . Crushed 4 | . . . . 1 . . . . 1 1 . . . 1 . . Highest Temperature 485 | . 151 336 . 282 237 290 . 200 485 200 200 . 2 82 114 324 Average Temperature 108 | . 47 69 . 80 83 151 . 115 206 105 177 . 2 33 75 180 Received Heat Transfer 1754 | . 135 276 . 177 . 36 . 72 18 366 54 9 36 55 132 388 Effects 5 | . . . . . . . . 1 3 1 . . . . . . Shutdowns 3 | . . . . . . . . . 3 . . . . . . . Energy Bleed 2 | . . . . . . . . 1 . 1 . . . . . . Siege Activations 1 | . . . . . . . . . . . 1 . . . . . Total Turns 17 | . . . . . . . . . . . 17 . . . . . Longest Duration 17 | . . . . . . . . . . . 17 . . . . . Martial Activations . | . . . . . . . . . . . . . . . . . Shielding Activations . | . . . . . . . . . . . . . . . . . Robots Disrupted . | . . . . . . . . . . . . . . . . . Combat Hostiles . | . . . . . . . . . . . . . . . . . Robots Corrupted 2 | . . . . . . . . . . . . . . 2 . . Combat Hostiles . | . . . . . . . . . . . . . . . . . Parts Fried 2 | . . . . . . . . . . . . . . 2 . . Impact Corruptions . | . . . . . . . . . . . . . . . . . Robots Melted 1 | . . . . . . . . . . . . 1 . . . . Combat Hostiles 1 | . . . . . . . . . . . . 1 . . . . Parts Melted 8 | . . . . . . . . . 4 1 . 1 . 2 . . Heat Transferred 4857 | . 161 1554 . . . . . . 74 657 500 300 150 1461 . . Parts Sabotaged . | . . . . . . . . . . . . . . . . . Parts Stolen . | . . . . . . . . . . . . . . . . . Parts Stripped . | . . . . . . . . . . . . . . . . . Power Chain Reactions 2 | . 1 . . . . . . . . . . . . 1 . . Alert | -11 -10 -10 -9 -7 -7 -7 -7 -6 -6 -6 -6 -6 -5 -4 -4 -3 ------- Run | Yrd Mat Sub Rec Fac Low Low Zio Pro Fac Ext Cet Arc Fac Fac Arm Res Maximum Alert Level 1 | . . . . 1 . . . . 1 . . . 1 1 . . Low Security (%) 95 | 100 100 . 100 93 . . . . 62 100 100 100 84 99 100 100 Level 1 4 | . . . . 6 . . . . 37 . . . 15 . . . Level 2 . | . . . . . . . . . . . . . . . . . Level 3 . | . . . . . . . . . . . . . . . . . Level 4 . | . . . . . . . . . . . . . . . . . Level 5 . | . . . . . . . . . . . . . . . . . High Security . | . . . . . . . . . . . . . . . . . Max Security . | . . . . . . . . . . . . . . . . . Peak Influence 329 | 5 48 . 45 324 . . . . 329 136 80 65 217 200 62 139 Initial 125 | . . . 45 . . . . . . 125 31 . 1 95 62 2 Average 52 | . 10 . 3 51 . . . . 140 61 30 28 43 83 22 25 Influence Increases 3640 | 10 130 265 15 614 . 90 . 50 639 216 100 85 236 700 60 430 Destroy 0b10 Robot/C 1740 | . 80 220 . 280 . 80 . 40 200 140 80 80 140 340 . 60 Destroy 0b10 Robot/NC 180 | 10 10 . . 45 . . . . 45 20 5 . 5 40 . . Destroy Leader 274 | . 24 . . 56 . 10 . 10 26 24 . . 20 84 . 20 Allied During Kill 84 | . . . . . . . . . 29 22 6 . . . . 27 Successful Hack 71 | . . . 15 28 . . . . 4 7 3 . . 14 . . Disable Machine 270 | . 15 . . 30 . . . . 90 . . . 15 120 . . Destroy Structure 238 | . 1 . . 39 . . . . 18 3 6 5 56 102 . 8 Partial Spotted 45 | . . . . . . . . . . . . . . . . 45 Lose Combat Pursuer 420 | . . 45 . 30 . . . . 15 . . . . . 60 270 Miscellaneous 318 | . . . . 106 . . . . 212 . . . . . . . Influence Decreases 3519 | 10 130 170 110 296 318 40 50 50 383 416 156 80 44 769 183 314 Entered New Map 550 | . . . 50 . 119 . 50 . . 131 25 . 4 102 66 3 Time Decay 2204 | 10 120 150 60 286 199 40 . 50 203 255 111 80 40 467 27 106 Search Patrol Dispatched 100 | . . . . . . . . . 100 . . . . . . . Lost Part 485 | . 10 20 . 10 . . . . . 30 20 . . 200 90 105 Lost Ally 180 | . . . . . . . . . 80 . . . . . . 100 Squads Dispatched 30 | . . . . 5 . . . . 5 1 . . 2 8 1 8 Investigation 4 | . . . . 1 . . . . . . . . 1 1 . 1 Extermination 10 | . . . . 3 . . . . 1 . . . 1 2 . 3 Reinforcement 16 | . . . . 1 . . . . 4 1 . . . 5 1 4 Assault . | . . . . . . . . . . . . . . . . . Garrison . | . . . . . . . . . . . . . . . . . Intercept . | . . . . . . . . . . . . . . . . . Searches Triggered 1 | . . . . . . . . . 1 . . . . . . . Construction Impeded 4 | . . . . . . . . . 2 1 . . . 1 . . Haulers Reinforced 2 | . . . . 1 . . . . . . . . . 1 . . Active Scanning Responses . | . . . . . . . . . . . . . . . . . Cargo Convoy Interrupts . | . . . . . . . . . . . . . . . . . Stealth | -11 -10 -10 -9 -7 -7 -7 -7 -6 -6 -6 -6 -6 -5 -4 -4 -3 --------- Run | Yrd Mat Sub Rec Fac Low Low Zio Pro Fac Ext Cet Arc Fac Fac Arm Res Distress Signals 9 | . 1 . . . . . . . 1 1 1 . . . 2 3 Communications Jammed . | . . . . . . . . . . . . . . . . . Distress Signals . | . . . . . . . . . . . . . . . . . Times Spotted 226 | . 7 32 . 19 1 4 . 8 18 9 5 6 6 25 25 61 Peak Tracking Total 26 | . 3 8 . 4 1 4 . 3 4 4 5 1 7 6 26 14 Tactical Retreats 14 | . . 1 . 1 . . . . 1 . . . . . 2 9 Traps | -11 -10 -10 -9 -7 -7 -7 -7 -6 -6 -6 -6 -6 -5 -4 -4 -3 ------- Run | Yrd Mat Sub Rec Fac Low Low Zio Pro Fac Ext Cet Arc Fac Fac Arm Res Traps Triggered 1 | . . . . . . . . . . . . . . . . 1 Indirectly . | . . . . . . . . . . . . . . . . . Trap Hack Attempts . | . . . . . . . . . . . . . . . . . Triggered . | . . . . . . . . . . . . . . . . . Disarmed . | . . . . . . . . . . . . . . . . . Reprogrammed . | . . . . . . . . . . . . . . . . . Reused . | . . . . . . . . . . . . . . . . . Traps Extracted . | . . . . . . . . . . . . . . . . . Installed . | . . . . . . . . . . . . . . . . . Triggered . | . . . . . . . . . . . . . . . . . Machines | -11 -10 -10 -9 -7 -7 -7 -7 -6 -6 -6 -6 -6 -5 -4 -4 -3 ---------- Run | Yrd Mat Sub Rec Fac Low Low Zio Pro Fac Ext Cet Arc Fac Fac Arm Res Machines Disabled 21 | . 1 1 . 2 . . . . 6 2 . . 1 8 . . Max in Single Turn 3 | . 1 1 . 1 . . . . . 1 . . 1 3 . . Machines Repaired . | . . . . . . . . . . . . . . . . . Machines Dismantled . | . . . . . . . . . . . . . . . . . Machines Sabotaged . | . . . . . . . . . . . . . . . . . Overloaded Fab Kills . | . . . . . . . . . . . . . . . . . Hacking | -11 -10 -10 -9 -7 -7 -7 -7 -6 -6 -6 -6 -6 -5 -4 -4 -3 --------- Run | Yrd Mat Sub Rec Fac Low Low Zio Pro Fac Ext Cet Arc Fac Fac Arm Res Machines Accessed 34 | . 4 . 10 4 . 1 . . 1 2 2 1 1 5 1 2 Terminals 22 | . 3 . 6 3 . 1 . . 1 2 2 . 1 2 1 . Fabricators 2 | . . . . 1 . . . . . . . . . 1 . . Repair Stations 1 | . . . . . . . . . . . . . . . . 1 Recycling Units 7 | . 1 . 4 . . . . . . . . . . 2 . . Scanalyzers 1 | . . . . . . . . . . . . . . . . 1 Garrison Access . | . . . . . . . . . . . . . . . . . Total Hacks 93 | . 12 . 26 8 . 1 . . 2 2 3 25 1 10 1 2 Successful 56 | . 5 . 11 4 . 1 . . 1 1 1 25 . 7 . . Failed 37 | . 7 . 15 4 . . . . 1 1 2 . 1 3 1 2 Catastrophic 8 | . 3 . 1 1 . . . . . 1 1 . . . 1 . Database Lockouts . | . . . . . . . . . . . . . . . . . Manual 1 | . 1 . . . . . . . . . . . . . . . Terminals 46 | . 10 . 16 7 . 1 . . 2 2 3 . 1 3 1 . Fabricators 2 | . . . . 1 . . . . . . . . . 1 . . Repair Stations 1 | . . . . . . . . . . . . . . . . 1 Recycling Units 18 | . 2 . 10 . . . . . . . . . . 6 . . Scanalyzers 1 | . . . . . . . . . . . . . . . . 1 Garrison Access . | . . . . . . . . . . . . . . . . . Terminal Hacks 42 | . 3 . 4 4 . 1 . . 1 1 1 25 . 2 . . Record 27 | . . . . . . 1 . . . . 1 25 . . . . Prototype ID Bank 4 | . . . 3 1 . . . . . . . . . . . . Open Door 2 | . . . . . . . . . 1 1 . . . . . . Open DSF 1 | . . . . . . . . . . . . . . 1 . . Emergency Access Points 1 | . 1 . . . . . . . . . . . . . . . Locate Traps 3 | . 1 . . 1 . . . . . . . . . 1 . . Dispatch Records 1 | . 1 . . . . . . . . . . . . . . . Reinforcement Status 1 | . . . . 1 . . . . . . . . . . . . Hauler Manifests 2 | . . . 1 1 . . . . . . . . . . . . Fabricator Hacks . | . . . . . . . . . . . . . . . . . Repair Station Hacks . | . . . . . . . . . . . . . . . . . Recycling Unit Hacks 14 | . 2 . 7 . . . . . . . . . . 5 . . Recycle Component 2 | . . . . . . . . . . . . . . 2 . . Process 1 | . . . . . . . . . . . . . . 1 . . Report Inventory 7 | . 1 . 4 . . . . . . . . . . 2 . . Retrieve Components 4 | . 1 . 3 . . . . . . . . . . . . . Scanalyzer . | . . . . . . . . . . . . . . . . . Garrison Access Hacks . | . . . . . . . . . . . . . . . . . Unauthorized Hacks . | . . . . . . . . . . . . . . . . . Terminals . | . . . . . . . . . . . . . . . . . Fabricators . | . . . . . . . . . . . . . . . . . Repair Stations . | . . . . . . . . . . . . . . . . . Recycling Units . | . . . . . . . . . . . . . . . . . Scanalyzers . | . . . . . . . . . . . . . . . . . Garrison Access . | . . . . . . . . . . . . . . . . . Data Cores Recovered 1 | . . . . . . . . . . . . . 1 . . . Used . | . . . . . . . . . . . . . . . . . Hacking Detections 22 | . 4 . 7 3 . . . . . 1 1 . 1 3 1 1 Full Trace Events 1 | . . . . . . . . . . . . . . 1 . . Feedback Events . | . . . . . . . . . . . . . . . . . Feedback Blocked . | . . . . . . . . . . . . . . . . . Robot Schematics Acquired . | . . . . . . . . . . . . . . . . . Robots Built . | . . . . . . . . . . . . . . . . . Authchips . | . . . . . . . . . . . . . . . . . Time . | . . . . . . . . . . . . . . . . . Total Robot Build Rating . | . . . . . . . . . . . . . . . . . Part Schematics Acquired . | . . . . . . . . . . . . . . . . . Parts Built . | . . . . . . . . . . . . . . . . . Authchips . | . . . . . . . . . . . . . . . . . Time . | . . . . . . . . . . . . . . . . . Total Part Build Rating . | . . . . . . . . . . . . . . . . . Part Studies Acquired . | . . . . . . . . . . . . . . . . . Parts Repaired . | . . . . . . . . . . . . . . . . . Time . | . . . . . . . . . . . . . . . . . Parts Recycled 2 | . . . . . . . . . . . . . . 2 . . Recycled Matter 39 | . . . . . . . . . . . . . . 39 . . Retrieved Matter . | . . . . . . . . . . . . . . . . . Retrieved Components 13 | . 3 . 10 . . . . . . . . . . . . . Parts Scanalyzed . | . . . . . . . . . . . . . . . . . Part Schematics Acquired . | . . . . . . . . . . . . . . . . . Parts Damaged . | . . . . . . . . . . . . . . . . . Bothacking | -11 -10 -10 -9 -7 -7 -7 -7 -6 -6 -6 -6 -6 -5 -4 -4 -3 ------------ Run | Yrd Mat Sub Rec Fac Low Low Zio Pro Fac Ext Cet Arc Fac Fac Arm Res Used RIF Installer . | . . . . . . . . . . . . . . . . . Robots Hacked . | . . . . . . . . . . . . . . . . . Non-combat . | . . . . . . . . . . . . . . . . . Combat . | . . . . . . . . . . . . . . . . . Robot Hacks Applied . | . . . . . . . . . . . . . . . . . Relay Couplers Released . | . . . . . . . . . . . . . . . . . Fabnet Peak Effective % . | . . . . . . . . . . . . . . . . . Robots Rewired . | . . . . . . . . . . . . . . . . . Allies Hacked . | . . . . . . . . . . . . . . . . . Hacks Repelled . | . . . . . . . . . . . . . . . . . Allies | -11 -10 -10 -9 -7 -7 -7 -7 -6 -6 -6 -6 -6 -5 -4 -4 -3 -------- Run | Yrd Mat Sub Rec Fac Low Low Zio Pro Fac Ext Cet Arc Fac Fac Arm Res Total Allies 15 | . . . . . . . . . 4 1 1 . . . . 9 Largest Group 3 | . . . . . . . . . 3 1 1 . . . . 3 Highest-Rated Group 183 | . . . . . . . . . 111 183 79 . . . . 141 Highest-Rated Ally 183 | . . . . . . . . . 37 183 79 . . . . 73 Total Orders 2 | . . . . . . . . . 2 . . . . . . . EXPLORE 2 | . . . . . . . . . 2 . . . . . . . Ally Attacks 73 | . . . . . . . . . 31 17 2 . . . . 23 Total Damage 3258 | . . . . . . . . . 1163 1001 133 . . . . 961 Kills 19 | . . . . . . . . . 12 3 1 . . . . 3 Allies Corrupted 2 | . . . . . . . . . . . . . . . . 2 Allies Melted 1 | . . 1 . . . . . . . . . . . . . . X0-1V1 Amusement Gains 124 | . 4 . . 5 . . . . . . . . . 25 10 80 Average Entertainment 10 | . 4 4 6 8 2 1 . 2 2 10 5 3 1 20 17 23 Good Acts 98 | . . 21 1 6 . . . 6 33 3 1 2 . 6 4 15 Bad Acts 75 | . . 22 1 5 4 . . 3 22 . 3 . 2 6 . 7 Intel | -11 -10 -10 -9 -7 -7 -7 -7 -6 -6 -6 -6 -6 -5 -4 -4 -3 ------- Run | Yrd Mat Sub Rec Fac Low Low Zio Pro Fac Ext Cet Arc Fac Fac Arm Res Active Infowar (turns) 941 | 15 191 . . . . . . . . . . . . 125 68 542 Terrain 206 | 15 191 . . . . . . . . . . . . . . . Machine Analysis 735 | . . . . . . . . . . . . . . 125 68 542 Cloaking 50 | . . . . . . . . . . . . . . . . 50 Robot Analysis Total . | . . . . . . . . . . . . . . . . . Derelict Logs Recovered 4 | . . 2 . . 2 . . . . . . . . . . . Drone Launches 5 | . . . . . . . . . 5 . . . . . . . Drone Recoveries 3 | . . . . . . . . . 3 . . . . . . . Exploration | -11 -10 -10 -9 -7 -7 -7 -7 -6 -6 -6 -6 -6 -5 -4 -4 -3 ------------- Run | Yrd Mat Sub Rec Fac Low Low Zio Pro Fac Ext Cet Arc Fac Fac Arm Res Turns Passed 8860 | 98 424 1084 693 1146 609 83 190 861 466 709 281 173 206 1227 68 542 Spaces Moved 5744 | 48 175 574 478 632 388 44 123 509 224 378 137 89 105 726 130 984 Core 251 | 11 . . 23 . . . . . . . . . . . 20 197 Treads 4161 | 37 175 478 203 632 388 44 123 509 224 378 137 89 105 592 . 47 Legs . | . . . . . . . . . . . . . . . . . Wheels 322 | . . 96 226 . . . . . . . . . . . . . Hover 120 | . . . . . . . . . . . . . . . 15 105 Flight 890 | . . . 26 . . . . . . . . . . 134 95 635 Fastest Speed 30 | 50 160 110 110 152 155 155 155 155 158 165 165 165 165 34 30 30 Average Speed 133 | 144 160 160 140 157 155 155 155 155 164 165 165 165 165 137 45 49 Slowest Speed 275 | 160 160 240 275 240 155 155 155 158 165 165 165 165 165 225 150 200 Overloaded Moves . | . . . . . . . . . . . . . . . . . Propulsion Burnouts . | . . . . . . . . . . . . . . . . . Robots Hopped 2 | . . . . . . . . . . . . . . . . 2 Potential Cave-ins . | . . . . . . . . . . . . . . . . . Cave-ins Triggered . | . . . . . . . . . . . . . . . . . Exploration Rate (%) 34 | 4 36 36 88 15 44 9 11 65 11 49 59 84 4 19 17 27 Regions Visited 16 Branch Regions 10 Pre-discovered Areas . | . . . . . . . . . . . . . . . . . Known Exits Taken 7 | . . 1 . 1 . . . 1 1 1 . 1 . 1 . . Unknown Exits Taken 9 | 1 1 . 1 . 1 1 1 . . . 1 . 1 . 1 . Scrap Searched 5 | . . . . . 3 . . 2 . . . . . . . . Spaces Dug . | . . . . . . . . . . . . . . . . . Terrain Destroyed 188 | . . 2 . 39 1 1 . 7 6 1 4 5 44 78 . . Melee . | . . . . . . . . . . . . . . . . . Projectile 54 | . . 2 . 11 1 1 . 7 6 1 4 5 3 13 . . AOE 134 | . . . . 28 . . . . . . . . 41 65 . . Terrain Rammed . | . . . . . . . . . . . . . . . . . Walls Destroyed . | . . . . . . . . . . . . . . . . . Machines Disabled . | . . . . . . . . . . . . . . . . . Actions | -11 -10 -10 -9 -7 -7 -7 -7 -6 -6 -6 -6 -6 -5 -4 -4 -3 --------- Run | Yrd Mat Sub Rec Fac Low Low Zio Pro Fac Ext Cet Arc Fac Fac Arm Res Total 6450 | 70 281 666 498 718 394 48 122 542 291 432 163 101 121 838 135 1030 Wait 96 | . 77 . . 1 . . . . 14 . 4 . . . . . Move 5724 | 47 174 573 477 631 387 43 122 508 223 377 136 88 104 725 129 980 Hop 2 | . . . . . . . . . . . . . . . . 2 Pick Up 126 | 12 6 20 4 17 2 . . 4 9 12 1 2 3 21 . 13 Fast Attach 29 | . . 1 4 2 1 . . 2 3 1 2 1 . 5 6 1 Attach 70 | 7 1 5 . 8 . . . . 7 7 1 . 3 17 . 14 Detach 6 | . . . . . . . . 1 1 2 . . . 2 . . Swap 45 | 1 2 10 4 8 . . . 3 5 1 4 . 2 5 . . Drop 96 | . 2 21 8 16 3 . . 7 10 9 2 3 . 10 . 5 Fire 219 | 3 19 36 . 28 1 5 . 17 12 21 12 7 8 50 . . Melee 6 | . . . . . . . . . . . 1 . . . . 5 Ram 10 | . . . . . . . . . . . . . . . . 10 Kick . | . . . . . . . . . . . . . . . . . Crush 21 | . . . 1 7 . . . . 7 2 . . 1 3 . . Escape Stasis . | . . . . . . . . . . . . . . . . . Rewire . | . . . . . . . . . . . . . . . . . Trap . | . . . . . . . . . . . . . . . . . Miscellaneous . | . . . . . . . . . . . . . . . . . Route ------- -11/Scrapyard -10/Materials (discovered 3 exits: [*Mat x2] / [*Sub]) -10/Subcaves (discovered 3 exits: Mat x2 / *Rec) -9/Recycling -7/Factory (discovered 3 exits: *Fac / *Low x2) -7/Lower Caves -7/Lower Caves -7/Zion -6/Proximity Caves -6/Factory (discovered 5 exits: Fac x2 / Low / *Ext x2) -6/Extension (discovered 3 exits: *Fac x2 / *Cet) -6/Cetus -6/Archives (discovered 3 exits: *Fac / [*Hub x2]) -5/Factory -4/Factory -4/Armory -3/Research History --------- Turn | Location | Event 11 | -11/Scrapyard | Discovered new exit (range 16) 99 | -11/Scrapyard | Entered Materials 181 | -10/Materials | Discovered new exit (range 15) 285 | -10/Materials | Discovered new exit (range 10) 319 | -10/Materials | Build established: Mutant 408 | -10/Materials | Discovered new exit (range 7) 512 | -10/Materials | Prayed at D.C.S.S. Altar Unit 523 | -10/Materials | Entered Subcaves 526 | -10/Subcaves | Ambushed by Subdwellers from Twisted Machinery 530 | -10/Subcaves | Learned Materials terminal intel 577 | -10/Subcaves | Learned Materials emergency access door positions 698 | -10/Subcaves | Core integrity permanently improved by X0-1V1 (+200) 709 | -10/Subcaves | Ambushed by swarm of Subdwellers 712 | -10/Subcaves | Ambushed by Subdwellers from Twisted Machinery 712 | -10/Subcaves | Ambushed by Subdwellers from Twisted Machinery 882 | -10/Subcaves | A swath of the cavern ceiling suddenly collapsed 930 | -10/Subcaves | Weapon slot count temporarily expanded by X0-1V1 (+2) 934 | -10/Subcaves | X0-1V1 activates XOMVISION 945 | -10/Subcaves | Identified exit to Materials 945 | -10/Subcaves | X0-1V1 revealed exit location to -8/Materials 1001 | -10/Subcaves | X0-1V1 sent you into danger 1036 | -10/Subcaves | Identified exit to Recycling 1036 | -10/Subcaves | X0-1V1 revealed exit location to -9/Recycling 1093 | -10/Subcaves | A swath of the cavern ceiling suddenly collapsed 1113 | -10/Subcaves | X0-1V1 revealed exit location to -8/Materials 1158 | -10/Subcaves | X0-1V1 caused items to flee you 1186 | -10/Subcaves | X0-1V1 sent hostile G-34 Mercenary (x5) 1243 | -10/Subcaves | X0-1V1 activates XOMVISION 1280 | -10/Subcaves | X0-1V1 sent you into danger 1289 | -10/Subcaves | X0-1V1 whisked you away to safety 1294 | -10/Subcaves | X0-1V1 sent hostile G-34 Mercenary (x3) 1347 | -10/Subcaves | Items stopped fleeing you 1520 | -10/Subcaves | Build established: Scavenger-Gunner 1607 | -10/Subcaves | Entered Recycling 1608 | -9/Recycling | Met a Zionite searching for Scraptown 1609 | -9/Recycling | Weapon slot count reverted to normal (-2) 1722 | -9/Recycling | X0-1V1 vaporized surrounding terrain (radius 15) 1910 | -9/Recycling | Build established: Scavenger-Mutant 2215 | -9/Recycling | Build established: Mutant 2233 | -9/Recycling | Ranged accuracy permanently improved by X0-1V1 (+5%; -50 max core) 2275 | -9/Recycling | Discovered new exit (range 16) 2300 | -9/Recycling | Entered Factory 2300 | -7/Factory | Evolved 6 slots: Propulsion x1, Utility x4, Weapon x1 2305 | -7/Factory | Discovered new exit (range 10) 2563 | -7/Factory | X0-1V1 activates XOMVISION 2593 | -7/Factory | Melee accuracy permanently improved by X0-1V1 (+5%; -50 max core) 2600 | -7/Factory | Build established: Tank 2619 | -7/Factory | X0-1V1 added 0b10 threat records associated with you (minor) 2916 | -7/Factory | Identified exit to Lower Caves 2916 | -7/Factory | X0-1V1 revealed exit location to -7/Lower Caves 3165 | -7/Factory | X0-1V1 redirected Transport squads to designated parking area 3185 | -7/Factory | Build established: Gunner 3209 | -7/Factory | Discovered exit to Lower Caves (range 7) 3317 | -7/Factory | X0-1V1 upgraded hostiles (x1) 3446 | -7/Factory | Entered Lower Caves 3593 | -7/Lower Caves | Learned location of 1 exit from Factory 3746 | -7/Lower Caves | Learned Factory terminal intel 3783 | -7/Lower Caves | Discovered new exit (range 14) 3902 | -7/Lower Caves | Encountered a Warlord checkpoint 3917 | -7/Lower Caves | 0b10 Decoder Chip [Skirmisher] reconfigured into Item Mimic 4055 | -7/Lower Caves | Entered another Lower Caves area 4059 | -7/Lower Caves | Discovered new exit (range 8) 4138 | -7/Lower Caves | Entered Zion 4304 | -7/Zion | Discovered new exit (range 15) 4328 | -7/Zion | Entered Proximity Caves 4429 | -6/Proximity Caves | Encountered a Derelict sapper outpost 4566 | -6/Proximity Caves | X0-1V1 sent hostile B-48 Gladiator (x1) 4604 | -6/Proximity Caves | Identified exit to Factory 4604 | -6/Proximity Caves | X0-1V1 revealed exit location to -6/Factory 4921 | -6/Proximity Caves | Attacked by a faux Warlord 4933 | -6/Proximity Caves | Weapon slot count temporarily expanded by X0-1V1 (+2) 5189 | -6/Proximity Caves | Entered Factory 5189 | -6/Factory | Evolved 2 slots: Utility x2 5190 | -6/Factory | Identified exit to Lower Caves 5191 | -6/Factory | Loaded intel: 28 terminal locations 5199 | -6/Factory | X0-1V1 sent you to a vault 5206 | -6/Factory | X0-1V1 enhanced Transport squad support 5213 | -6/Factory | X0-1V1 redirected Transport squads to designated parking area 5224 | -6/Factory | X0-1V1 sent hostile P-60 Hacker (x3) 5261 | -6/Factory | Identified exit to Extension 5261 | -6/Factory | X0-1V1 revealed exit location to -6/Extension 5284 | -6/Factory | X0-1V1 upgraded hostiles (x1) 5291 | -6/Factory | X0-1V1 sent allied P-60 Hacker (x3) 5301 | -6/Factory | X0-1V1 activates XOMVISION 5304 | -6/Factory | X0-1V1 released a cloud of subatomizers 5350 | -6/Factory | System corruption reached 10% 5357 | -6/Factory | X0-1V1 foreshadows a heat wave 5402 | -6/Factory | Identified exit to Factory 5402 | -6/Factory | X0-1V1 revealed exit location to -5/Factory 5410 | -6/Factory | X0-1V1 put everyone to sleep 5461 | -6/Factory | X0-1V1 added 0b10 threat records associated with you (considerable) 5479 | -6/Factory | Weapon slot count reverted to normal (-2) 5479 | -6/Factory | X0-1V1 revealed exit location to -5/Factory 5539 | -6/Factory | Search patrols dispatched 5539 | -6/Factory | Ambient heat levels rising (+10) 5554 | -6/Factory | X0-1V1 vaporized surrounding terrain (radius 20) 5561 | -6/Factory | X0-1V1 sent you into danger 5567 | -6/Factory | Weapon slot count temporarily expanded by X0-1V1 (+4) 5571 | -6/Factory | X0-1V1 turns hostiles against one another 5586 | -6/Factory | X0-1V1 revealed exit location to -6/Extension 5610 | -6/Factory | Lost 4 allies 5655 | -6/Factory | Entered Extension 5971 | -6/Extension | Identified exit to Cetus 5971 | -6/Extension | X0-1V1 revealed exit location to -6/Cetus 6010 | -6/Extension | Spotted B-75 Beast 6032 | -6/Extension | Destroyed B-75 Beast 6044 | -6/Extension | Spotted B-75 Beast 6049 | -6/Extension | Weapon slot count reverted to normal (-4) 6052 | -6/Extension | X0-1V1 sent allied H-81 Overseer (x1) 6062 | -6/Extension | Allies destroyed B-75 Beast 6104 | -6/Extension | Lost 3 parts (2u1w) 6192 | -6/Extension | Discovered exit to Factory (range 3) 6332 | -6/Extension | Discovered exit to Factory (range 15) 6364 | -6/Extension | Entered Cetus 6377 | -6/Cetus | Build established: Tank 6385 | -6/Cetus | Spotted Cetus Guard 6385 | -6/Cetus | Spotted Cetus Guard 6392 | -6/Cetus | Destroyed Cetus Guard 6393 | -6/Cetus | Spotted Cetus Guard 6393 | -6/Cetus | Spotted Cetus Guard 6394 | -6/Cetus | X0-1V1 sent allied Knight (x1) 6413 | -6/Cetus | Destroyed Cetus Guard 6416 | -6/Cetus | Destroyed Cetus Guard 6422 | -6/Cetus | Allies destroyed Cetus Guard 6621 | -6/Cetus | Discovered new exit (range 16) 6645 | -6/Cetus | Entered Archives 6695 | -6/Archives | Unable to access archive contents 6698 | -6/Archives | Build established: Scavenger-Gunner 6708 | -6/Archives | Discovered exit to Factory (range 14) 6723 | -6/Archives | Unable to access archive contents 6730 | -6/Archives | Discovered new exit (range 15) 6749 | -6/Archives | Unable to access archive contents 6756 | -6/Archives | Discovered new exit (range 14) 6772 | -6/Archives | Unable to access archive contents 6818 | -6/Archives | Entered Factory 6818 | -5/Factory | Evolved 2 slots: Propulsion x2 7001 | -5/Factory | Discovered new exit (range 7) 7007 | -5/Factory | Destroyed 7 combat bots 7024 | -5/Factory | Entered another Factory area 7024 | -4/Factory | Evolved 2 slots: Power x1, Propulsion x1 7026 | -4/Factory | X0-1V1 sent you into danger 7302 | -4/Factory | Lost 4 parts (2n2w) 7803 | -4/Factory | X0-1V1 upgraded hostiles (x2) 7852 | -4/Factory | X0-1V1 vaporized surrounding terrain (radius 20) 8024 | -4/Factory | X0-1V1 activates XOMVISION 8079 | -4/Factory | Lost 8 parts (1p2n3u2w) 8102 | -4/Factory | Identified exit to Armory 8102 | -4/Factory | X0-1V1 revealed exit location to -4/Armory 8170 | -4/Factory | Weapon slot count temporarily expanded by X0-1V1 (+2) 8200 | -4/Factory | Lost 3 parts (1n2w) 8251 | -4/Factory | Entered Armory 8265 | -4/Armory | X0-1V1 alerted Armor Guard 8271 | -4/Armory | Spotted B-86 Titan 8284 | -4/Armory | Core integrity fell below 50% 8312 | -4/Armory | Weapon slot count reverted to normal (-2) 8315 | -4/Armory | Lost 10 parts (2p3n5u) 8319 | -4/Armory | Discovered new exit (range 3) 8319 | -4/Armory | Entered Research 8319 | -3/Research | Evolved 2 slots: Utility x2 8319 | -3/Research | X0-1V1 vaporized surrounding terrain (radius 19) 8468 | -3/Research | X0-1V1 sent allied G-67 Veteran (x3) 8486 | -3/Research | Lost 5 parts (5n) 8511 | -3/Research | Lost 3 allies 8511 | -3/Research | Weapon slot count temporarily expanded by X0-1V1 (+2) 8548 | -3/Research | Core integrity fell below 50% 8559 | -3/Research | X0-1V1 whisked you away to safety 8577 | -3/Research | Lost 4 parts (1p1n2u) 8661 | -3/Research | Spotted B-86 Titan 8661 | -3/Research | X0-1V1 sent you into danger 8675 | -3/Research | Found Prototype Device 8676 | -3/Research | Identified Exp. Focal Shield 8677 | -3/Research | X0-1V1 activates XOMVISION 8680 | -3/Research | X0-1V1 sent allied Mutant (x4) 8682 | -3/Research | Weapon slot count reverted to normal (-2) 8689 | -3/Research | X0-1V1 vaporized surrounding terrain (radius 23) 8697 | -3/Research | Build established: Mutant 8700 | -3/Research | X0-1V1 downgraded hostiles (x4) 8716 | -3/Research | Lost 4 allies 8726 | -3/Research | Core integrity fell below 20% 8727 | -3/Research | Lost 4 parts (1n2u1w) 8741 | -3/Research | X0-1V1 redirected Transport squads to designated parking area 8779 | -3/Research | X0-1V1 rescued you from certain death 8820 | -3/Research | X0-1V1 sent allied Butcher (x2) 8832 | -3/Research | Lost 6 parts (1n5u) 8851 | -3/Research | System corruption reached 10% 8861 | -3/Research | Destroyed by P-80 Master with Gamma Rifle Last Messages --------------- 08845_ Penetrated by Slug. 08849_ X0-1V1 makes it rain matter. X0-1V1's Piety Tracker suddenly appears amidst shimmering waves of color. 08850_ C-30 ARC bursts open, deploying its payload. 08850_ S-43 Plague unfolds itself. 08852_ X0-1V1 briefly opens a portal to the matter dimension. 08853_ Acquired X0-1V1's Piety Tracker. 08855_ Acquired 12 matter. 08856_ Slammed into S-43 Plague. 08861_ Slammed into P-80 Master. 08861_ Machine Analyzer broken. 08861_ Destabilizing: Short circuit. [Achievement: First Step to Greatness] 08861_ X0-1V1 guffaws! [Achievement: 5k Club] [Achievement: 10k Club] [Achievement: 20k Club] Map ----- +----------------------------------------------------+ | ???????????????????????????????? | | ???????????????????????????????? | | ???????????????????????????????? | | ?????????????????????????+?????? | | ????????????????????????? ?????? | | ????????????????????????? ?????? | | ????????????????????????? ?????? | | ????????????????????????? ?????? | | ?????????????????????????%?????? | | ????????????????????????? ?????? | | ????????????????????????# #????? | | ????????????????????????# #????? | | ????????????????????????#%#????? | | ????????????????????????#%#????? | | ????????????????????????#Y#????? | | ????????????????????????#%#????? | | ????????????????????????# #????? | | ????????????????????????# #????? | | ????????????????????????# #????? | | ????????????????????????#%#????? | | ????????????????????????# #????? | | ????????????????????????#%#????? | | ????????????????????????#%#????? | | ??????????############### #????? | | ??? % pp#????? | | ??????????###############@#????? | | ????????????????????????#%#????? | | ????????????????????????#s#????? | | ????????????????????????#s#????? | | ????????????????????????# #????? | | ????????????????????????#%#????? | | ????????????????????????#%#????? | | ????????????????????????# #????? | | ?????????????????######## #????? | | ?????????????????# / #s#????? | | ?????????????????# # #????? | | ?????????????????# | # #????? | | ?????????????????# #%#????? | | ?????????????????# #p#????? | | ?????????????????# ??#p#????? | | ??????????????????#+#####p#????? | | ??????????????????# #????? | | ??????????"""""???# #####+#????? | | ??????????""T""???# #?? ???? | | ??????????????????# ## #??? | | ??????????????????# ## #??? | | ##????????????????# ## #??? | | #????????????????# ## #??? | | #????????????????# ## #??? | | #########????????# #########??? | +----------------------------------------------------+ Best States ------------- Heat Dissipation 89 Energy Generation 35 Energy Capacity 1450 Matter Stores 1000 Matter Capacity 1000 Sight Range 21 Terrain Scan Range 16 Terrain Scan Density 10 Cloak Strength 2 Corruption Containment 12 Armor Coverage 825 Resistance: KI 30 Resistance: TH 15 Resistance: EM 15 Phase Shifting 10 Evasion (%) 71 Targeting Accuracy 16 Target Analysis 5 Core Analysis 6 Recoil Reduction 6 Matter Filtering 30 Energy Filtering 30 Item Schematics ----------------- None Robot Schematics ------------------ None Fabricated ------------ Nothing Repaired ---------- Nothing Studied --------- None Alien Tech Used ----------------- None Achievements -------------- 10k Club 20k Club 5k Club Backstab Bumper Bots Chaos Is Inevitable Construction Begets Destruction DATA ERROR: Steam Global Achievement% Dangerous Findings Executioner Explorer First Step to Greatness Heavy Suspicion Hey, That's Mine! Hunted I'm Back, Baby! Immobile And Lovin' It Librarian Made in Tau Ceti IV Novice Programmer Overwhelming Power Corrupts Risk Taker Serviceable Loadout Slippery One Suspicious System Compromised Tourist We Love MA Challenges ------------ None Game ------ Seed PrecisionDisruptionThrower Manual? 0 Play Time 03:26:25 Cumulative 3.9 hours Start 2026.09.12 @ 20:59:58 End 2026.09.14 @ 06:25:54 Sessions 10 Manual Loads 0 Difficulty Rogue Special Mode None Game No. 2 Rogue 2 Adventurer 0 Explorer 0 Win Type - Total 0 Types 0/0/0/0/0/0/0/0/0/0 Lore% 0 Gallery% 7 Achievement% 8 Wizard Run 0 Options --------- Layout 1 ASCII 0 Keyboard 0 Movement Mouse Keybinds 1 Fullscreen 2 Font 24/Smallcaps Map View 50x35 Zoom Use 0% Tactical HUD 1 Map Filters NONE Filters NONE Steam 0 RUN: d5e108dd-327b-44a7-ad9a-1f2e4ecfa24d